 Dungeon Crawl Stone Soup version 0.18.1-6-gd335043 (webtiles) character file.

74 pandaman124 the Caller (level 4, -11/24 HPs)
             Began as a Deep Elf Summoner on May 18, 2016.
             Was an Initiate of Elyvilon (penitent).
             Mangled by a gnoll
             ... wielding a +0 club
              (12 damage)
             ... on level 3 of the Dungeon.
             The game lasted 00:15:56 (2461 turns).

pandaman124 the Caller (Deep Elf Summoner)          Turns: 2461, Time: 00:15:56

Health: -11/24     AC:  4    Str:  5    XL:     4   Next: 10%
Magic:  12/12      EV: 13    Int: 21    God:    Elyvilon [*]
Gold:   151        SH:  0    Dex: 15    Spells: 3 memorised, 5 levels left

rFire  + . .     SeeInvis .     d - +1 dagger
rCold  . . .     Gourm    .     a - +0 robe
rNeg   . . .     Faith    .     (no shield)
rPois  .         Spirit   .     (no helmet)
rElec  .         Dismiss  .     l - +0 cloak
rCorr  .         Reflect  .     (no gloves)
SustAt .         Harm     +     (no boots)
MR     .....                    e - amulet of harm
Stlth  ++........               g - ring of protection from fire
                                j - +1 ring of protection

@: not resistant to hostile enchantments, unstealthy
A: no striking features
a: Renounce Religion


You were on level 3 of the Dungeon.
You worshipped Elyvilon.
Elyvilon was demanding penance.
You were not hungry.

You visited 1 branch of the dungeon, and saw 3 of its levels.

You collected 151 gold pieces.

Inventory:

Hand Weapons
 d - a +1 dagger (weapon)
Armour
 a - a +0 robe (worn)
 l - a +0 cloak (worn)
Jewellery
 e - an amulet of harm (around neck)
 g - a ring of protection from fire (right hand)
 j - a +1 ring of protection (left hand)
 k - an uncursed ring of resist corrosion
Scrolls
 h - a scroll of remove curse
 m - a scroll of recharging
 o - a scroll of identify
 r - a scroll of fear
Potions
 p - a potion of haste
Books
 b - a book of Callings

   Spells                             Type                      Level
   a - Summon Small Mammal            Summoning                    1
   b - Call Imp                       Summoning                    2
   c - Call Canine Familiar           Summoning                    3
   d - Summon Guardian Golem          Hexes/Summoning              3
   e - Summon Lightning Spire         Summoning/Air                4
   f - Summon Ice Beast               Ice/Summoning                4
 i - a book of the Tempests

   Spells                             Type                      Level
   a - Static Discharge               Conjuration/Air              3
   b - Lightning Bolt                 Conjuration/Air              5
   c - Fireball                       Conjuration/Fire             5
   d - Tornado                        Air                          9
   e - Shatter                        Earth                        9
Comestibles
 c - a bread ration
 f - a beef jerky
 n - a meat ration
 q - 2 chunks of flesh


   Skills:
 - Level 2.5 Dodging
 - Level 2.5 Stealth
 * Level 4.2 Spellcasting
 * Level 5.6 Summonings


You had 5 spell levels left.
You knew the following spells:

 Your Spells              Type           Power        Failure   Level  Hunger
a - Summon Small Mammal   Summ           ####         1%          1    None
b - Call Imp              Summ           ####....     1%          2    #......
c - Call Canine Familiar  Summ           ####....     3%          3    ###....


Dungeon Overview and Level Annotations

Branches:
Dungeon (3/15)

Altars:
Elyvilon
Qazlal


Message History

The adder bites you but does no damage. The adder barely misses you.
The teleport trap disappears.
The hobgoblin disappears!
The adder closely misses you. The adder closely misses you.
The adder bites you but does no damage. The adder closely misses you.
An ooze comes into view.
The adder misses you. The gnoll misses you. The adder bites you.
You feel a little guilty. "You will pay for your transgression, mortal!"
Found a coppery potion.
The gnoll hits you!
You feel a little guilty. "You will pay for your transgression, mortal!"
* * * LOW HITPOINT WARNING * * *
The adder barely misses you. The gnoll hits you with a club!
You feel a little guilty. "You will pay for your transgression, mortal!"
Ouch! That really hurt!
You die...

... ####. .. ... ##.... .
#.###..... .## #.##...... ...
#.#.J..... #.# #.#....... #.#
#^#.......## ##.#
#.##......@########..#
#.#......gSg........##
##.........l..#....###
##...........l........#
#.................<.#.### #
#...........#............. .
#.......................... .
##.........##..g....#.....#.#
##...#...###..#....##..#....


You could see 3 gnolls, an ooze (sleeping), an adder, a giant gecko and a giant
newt.

Vanquished Creatures
  3 giant cockroaches
  4 goblins (D:1)
  2 giant newts (D:1)
  2 kobolds (D:1)
  2 rats (D:3)
13 creatures vanquished.

Vanquished Creatures (collateral kills)
  An orc wizard (D:3)
  3 adders
  2 oozes
  A worm (D:2)
  2 orcs (D:3)
  A ball python (D:1)
  2 giant cockroaches (D:1)
  5 goblins
  3 hobgoblins
  7 kobolds
  A quokka (D:2)
  4 bats
  2 giant newts
  3 rats
37 creatures vanquished.

Grand Total: 50 creatures vanquished

Notes
Turn   | Place    | Note
--------------------------------------------------------------
     0 | D:1      | pandaman124 the Deep Elf Summoner began the quest for the Orb.
     0 | D:1      | Reached XP level 1. HP: 10/10 MP: 6/6
   152 | D:1      | Reached XP level 2. HP: 9/15 MP: 8/8
   403 | D:1      | Reached skill level 5 in Summonings
   506 | D:1      | Learned a level 2 spell: Call Imp
   938 | D:2      | Found a stormy altar of Qazlal.
  1063 | D:2      | Reached XP level 3. HP: 18/19 MP: 9/9
  1403 | D:2      | Learned a level 3 spell: Call Canine Familiar
  2133 | D:3      | Found a white marble altar of Elyvilon.
  2218 | D:3      | Reached XP level 4. HP: 23/24 MP: 8/12
  2257 | D:3      | Became a worshipper of Elyvilon the Healer
  2327 | D:3      | Was placed under penance by Elyvilon
  2459 | D:3      | HP: 1/24 [gnoll (8)]
  2461 | D:3      | Mangled by a gnoll

Skill      XL: |  1  2  3 |
---------------+----------+-----
Summonings     | 5 |  5.6
Spellcasting   | 4 |  4.2
Dodging        | |  2.5
Stealth        | |  2.5

Action                   |  1- 3 |  4- 6 || total
-------------------------+-------+-------++-------
Melee: Dagger            |    67 |     2 ||    69
       Unarmed           |     4 |       ||     4
 Cast: Summon Small Mamm |    12 |       ||    12
       Call Imp          |    16 |       ||    16
       Call Canine Famil |     7 |       ||     7
  Use: Scroll            |    15 |       ||    15
 Stab: Sleeping          |     5 |       ||     5
  Eat: Chunk             |     5 |     1 ||     6
Armor: Robe              |    20 |     9 ||    29
Dodge: Dodged            |    77 |    30 ||   107
